 Dungeon Crawl Stone Soup version 0.29.1-4-g47bece8355 (webtiles) character file.

Game seed: 14875002902723693491

4 ChadusMaximus the Caller (level 1, -2/13 HPs)
             Began as a Human Summoner on Dec 7, 2022.
             Succumbed to a goblin's poison
             ... on level 1 of the Dungeon.
             The game lasted 00:00:10 (236 turns).

ChadusMaximus the Caller (Human Summoner)            Turns: 236, Time: 00:00:11

Health: -2/13      AC:  2    Str:  8    XL:     1   Next: 66%
Magic:  1/3        EV: 12    Int: 15    God:
Gold:   29         SH:  0    Dex: 13    Spells: 3/4 levels left

rFire   . . .      SeeInvis .   (no weapon)
rCold   . . .      Faith    .   (no shield)
rNeg    . . .      Spirit   .   a - +0 robe
rPois   .          Reflect  .   (no helmet)
rElec   .          Harm     .   (no cloak)
rCorr   .          Rampage  .   (no gloves)
Will    .....                   (no boots)
Stlth   ++........              (no amulet)
HPRegen 0.04/turn               (no ring)
MPRegen 0.08/turn               (no ring)

@: lethally poisoned (-2 -> -15)
A: no striking features
a: no special abilities


You were on level 1 of the Dungeon.
You visited 1 branch of the dungeon, and saw 1 of its levels.

You collected 29 gold pieces.

Inventory:

Armour
 a - a +0 robe (worn)
Scrolls
 c - a scroll of torment {unknown}
 d - a scroll of poison {unknown}
Potions
 b - a potion of magic


   Skills:
 + Level 2.1 Dodging
 + Level 2.1 Stealth
 + Level 2.0 Spellcasting
 + Level 4.0 Summonings


You had 3 spell levels left.
You knew the following spells:

 Your Spells              Type           Power      Damage    Failure   Level
a - Summon Small Mammal   Summ           52%        N/A       4%          1

Your spell library contained the following spells:

 Spells                   Type           Power      Damage    Failure   Level
 Call Imp                 Summ           13%        N/A       6%          2
 Call Canine Familiar     Summ           13%        N/A       13%         3
 Summon Guardian Golem    Hex/Summ       7%         N/A       28%         3
 Summon Lightning Spire   Summ/Air       7%         N/A       67%         4


Dungeon Overview and Level Annotations

Branches:
Dungeon (1/15)

Altars:


Message History

Your quokka bites the hobgoblin.
The hobgoblin closely misses your quokka.
You swap places.
Your bat barely misses the hobgoblin.
The hobgoblin hits you but does no damage.
A hobgoblin is nearby!
You hit the hobgoblin.
The hobgoblin is heavily wounded.
Your quokka bites the hobgoblin.
The hobgoblin dies!
Magic restored.
Your quokka disappears in a puff of smoke!
Your bat disappears in a puff of smoke!
You now have 18 gold pieces (gained 9).
You see here a hobgoblin corpse.
You now have 29 gold pieces (gained 11).
An endoplasm and a goblin come into view.
The goblin is wielding a +1 dagger of venom.
There are monsters nearby!
The goblin shouts!
The endoplasm quivers.
The goblin hits you with a +1 dagger of venom.
You are lethally poisoned!
There is a lethal amount of poison in your body!
You hit the goblin.
The goblin is moderately wounded.
You feel very sick. The endoplasm barely misses you.
The goblin closely misses you.
Casting: Summon Small Mammal (safe; 4% risk of failure)
Confirm with . or Enter, or press ? or * to list all spells.
You feel sick. The endoplasm barely misses you.
The goblin hits you with a +1 dagger of venom.
You are more poisoned.
Casting: Summon Small Mammal (safe; 4% risk of failure)
Confirm with . or Enter, or press ? or * to list all spells.
* * * LOW HITPOINT WARNING * * *
You feel very sick.
The endoplasm hits you but does no damage.
The goblin misses you.
Unknown command.
You die...

#...#.#..##.......####..
#..#._.#.##..............
#..#.#..##.......####..#
#...#...####...###
#.......####.#.#
#####.####...#...#
#......#####.# ######...#
.. ###@#.## #..br.#
#gJ...# #.........
#.....##.. #.....# .
###.### .# .#


You could see an endoplasm (ally target), a goblin, a friendly quokka (summoned)
and a friendly bat (summoned).

Vanquished Creatures (collateral kills)
  A dart slug (D:1)
  A hobgoblin (D:1)
2 creatures vanquished.

Notes
Turn   | Place    | Note
-------+----------+-------------------------------------------
     0 | D:1      | ChadusMaximus the Human Summoner began the quest for the
                  | Orb.
     0 | D:1      | Reached XP level 1. HP: 13/13 MP: 3/3
   173 | D:1      | Found a faded altar of an unknown god.
   236 | D:1      | Succumbed to a goblin's poison

Illustrated notes

Levels and vault maps discovered:
D:1:      mainiacjoe_arrival_reflecting_pool, layout_loops_ring,
          chequers_ecumenical_altar_simple_redux, nicolae_shop_vocational

Action                   || total
-------------------------++-------
Melee: Unarmed           ||     5
 Cast: Summon Small Mamm ||     6
Armor: Robe              ||     2
Dodge: Dodged            ||     6
